 Dungeon Crawl Stone Soup version 0.29.1-15-g9cfb28693d (webtiles) character file.

Game seed: 2948179862123662126

11130 Hugehornet the Protected (level 11, 0/60 HPs)
             Began as a Gargoyle Fighter on Mar 23, 2023.
             Was a High Priest of Okawaru.
             Slain by an ancient zyme (2 damage)
             ... on level 2 of the Abyss.
             The game lasted 00:29:36 (11411 turns).

Hugehornet the Protected (Gargoyle Fighter)        Turns: 11411, Time: 00:29:36

Health: 0/60       AC: 27    Str: 24    XL:     11   Next: 72%
Magic:  15/17      EV:  9    Int: 13    God:    Okawaru [*****.]
Gold:   770        SH:  4    Dex:  9    Spells: 16/18 levels left

rFire   . . .      SeeInvis .   F - +4 war axe
rCold   . . .      Faith    .   c - +0 buckler
rNeg    + . .      Spirit   .   o - +3 scale mail of Ethics {rPois Str+4}
rPois   ∞          Reflect  .   y - +0 helmet
rElec   +          Harm     .   (no cloak)
rCorr   .          Rampage  .   x - +0 pair of gloves
Will    .....                   (no boots)
Stlth   ..........              (no amulet)
HPRegen 0.20/turn               g - +4 ring of protection
MPRegen 0.15/turn               C - ring of flight

@: on blink cooldown, flying, hasted, very quick
A: sickness immunity, AC +8, negative energy resistance 1, electricity
resistance, torment resistance 1, petrification resistance
a: Renounce Religion, Heroism, Finesse, Duel


You were on level 2 of the Abyss.
You worshipped Okawaru.
Okawaru was extremely pleased with you.
You visited 1 branch of the dungeon, and saw 10 of its levels.
You visited the Abyss 1 time.

You collected 770 gold pieces.

Inventory:

Hand Weapons
 F - a +4 war axe (weapon)
 H - a +2 flail
 K - a +0 whip of venom
 N - a +0 broad axe
 O - a +0 trident of venom
Armour
 c - a +0 buckler (worn)
 o - the +3 scale mail of Ethics (worn) {rPois Str+4}
   (You found it on level 6 of the Dungeon)

   Str:       It affects your strength (+4).
   rPois:     It protects you from poison.
 r - a +2 ring mail of cold resistance
 u - a +0 plate armour
 x - a +0 pair of gloves (worn)
 y - a +0 helmet (worn)
Jewellery
 g - a +4 ring of protection (left hand)
 C - a ring of flight (right hand)
 L - an amulet of magic regeneration
Wands
 n - a wand of iceblast (11)
 q - a wand of polymorph (6)
Scrolls
 a - a scroll of torment {unknown}
 b - 2 scrolls of brand weapon {unknown}
 e - 2 scrolls of identify
 f - 7 scrolls of teleportation {unknown}
 j - 5 scrolls of magic mapping {unknown}
 m - a scroll of enchant weapon {unknown}
 p - a scroll of noise {unknown}
 v - 4 scrolls of vulnerability {unknown}
 w - a scroll of fear {unknown}
 A - 7 scrolls of fog {unknown}
 D - 2 scrolls of blinking {unknown}
 E - a scroll of silence {unknown}
 M - a scroll of summoning {unknown}
 P - a scroll of enchant armour {unknown}
Potions
 d - a potion of might
 h - a potion of ambrosia
 i - a potion of haste
 k - 4 potions of attraction
 l - a potion of mutation {unknown}
 s - 2 potions of curing
 t - a potion of magic {unknown}
 z - 2 potions of resistance
 B - 2 potions of invisibility
 G - 2 potions of degeneration {unknown}
 I - 2 potions of flight {unknown}
 J - a potion of brilliance {unknown}


   Skills:
 - Level 3.2 Fighting
 * Level 9.7 Axes
 * Level 11.8 Armour
 - Level 5.0 Shields
 + Level 4.2 Spellcasting
 - Level 6.0 Translocations
 - Level 7.0 Invocations


You had 16 spell levels left.
You knew the following spells:

 Your Spells              Type           Power      Damage    Failure   Level
a - Blink                 Tloc           36%        N/A       7%          2

Your spell library contained the following spells:

 Spells                   Type           Power      Damage    Failure   Level
 Necrotise                Necr           8%         1d4       47%         1
 Slow                     Hex            8%         N/A       47%         1
 Manifold Assault         Tloc           18%        N/A       77%         5
 Ozocubu's Armour         Ice            2%         N/A       85%         3
 Vampiric Draining        Necr           2%         2d6       85%         3
 Agony                    Necr           2%         N/A       100%        5
 Freezing Cloud           Conj/Ice/Air   1%         6-21      100%        5
 Iskenderun's Battlesphe  Conj           2%         2d6       100%        5
 Iron Shot                Conj/Erth      1%         9d1       100%        6
 Ozocubu's Refrigeration  Ice            1%         4d7       100%        7
 Storm Form               Tmut/Air       1%         N/A       100%        7
 Polar Vortex             Ice            1%         N/A       100%        9
 Simulacrum               Ice/Necr       Unusable   N/A       N/A         6
 Spellforged Servitor     Conj/Summ      Unusable   N/A       N/A         7

Dungeon Overview and Level Annotations

Branches:
Dungeon (10/15)            Temple (0/1) D:5            Lair (0/5) D:9
    Orc: D:9-12

Altars:
Cheibriados
Gozag
Kikubaaqudgha
Okawaru
Qazlal
Ru
Sif Muna
Trog
Uskayaw
Vehumet
Zin


Innate Abilities, Weirdness & Mutations

You are immune to sickness and miasma.
Your stone body is resilient. (AC +8)
You are immune to poison.
You resist negative energy. (rN+)
You are resistant to electric shocks. (rElec)
You are resistant to unholy torment.
You are immune to petrification.


Message History

You are no longer on fire.
The raiju bursts into living lightning!
The living lightning hits the raiju.
The raiju completely resists.
The living lightning hits you. You resist.
* * * LOW HITPOINT WARNING * * *
The raiju blinks!
Okay, then.
You feel better.
The raiju bursts into living lightning!
The living lightning hits the raiju.
The raiju completely resists.
The living lightning hits you. You resist.
* * * LOW HITPOINT WARNING * * *
The raiju blinks!
The raiju bites you but does no damage.
You feel yourself speed up.
The raiju bursts into living lightning!
The living lightning hits you! You resist.
* * * LOW HITPOINT WARNING * * *
The living lightning misses the raiju.
The raiju blinks!
The raiju closely misses you.
The raiju bursts into living lightning!
The living lightning hits the raiju.
The raiju completely resists.
The living lightning hits you. You resist.
* * * LOW HITPOINT WARNING * * *
The raiju blinks! x2; The raiju bites you but does no damage.
You hear a bark!
You block the raiju's attack.
The raiju bursts into living lightning!
The living lightning hits you. You resist.
* * * LOW HITPOINT WARNING * * *
The raiju blinks!
The raiju bursts into living lightning!
The living lightning hits you. You resist.
* * * LOW HITPOINT WARNING * * *
The raiju blinks!
Casting: Blink (safe; 7% risk of failure)
Confirm with . or Enter, or press ? or * to list all spells.
You blink.
The ancient zyme hits you but does no damage.
The ancient zyme hits you.
You die...

....... #....
. # .#..
...#.#### # .
##....h. #.#.
#.
##.#........∩
. #
#..#...##..
.##
#....#.#.#.# .
#..#.#..#.
#.###..#.....
#.#.3@....# ..
#..#x....#
....##.§h.####
#.......##
##..##.##
#.....§#
#...#h....#
#.## ##..###
#...


You could see an ancient zyme, a smoke demon and 3 raiju.

Vanquished Creatures
  6 two-headed ogres
  A deep elf zephyrmancer (D:10)
  Maggie (D:8)
  3 kobold demonologists
  A troll (D:9)
  A hornet (D:8)
  2 yaks
  2 steam dragons (D:7)
  A water moccasin (D:7)
  2 ice beasts
  A sky beast (D:6)
  An orc warrior (D:8)
  3 ogres
  11 centaurs
  10 kobold brigands
  2 necrophages
  A gnoll sergeant (D:8)
  3 scorpions
  2 bullfrogs
  9 wights
  14 killer bees
  4 howler monkeys
  3 hounds
  2 jellies
  3 orc priests
  Terence (D:3)
  7 orc wizards
  3 iguanas
  Robin (D:4)
  7 gnolls
  7 adders
  3 shadow imps
  3 white imps
  2 worms (D:2)
  6 dart slugs
  28 orcs
  6 bats
  3 endoplasms
  2 giant cockroaches (D:3)
  23 goblins
  7 hobgoblins
  4 quokkas
  A ball python (D:1)
  5 frilled lizards
  43 kobolds
  12 kobold skeletons (D:8)
  6 kobold zombies (D:8)
  13 rats
282 creatures vanquished.

Vanquished Creatures (others)
  A wizard (D:10)
  A kobold (D:8)
  2 plants (D:1)
4 creatures vanquished.

Grand Total: 286 creatures vanquished

Notes
Turn   | Place    | Note
-------+----------+-------------------------------------------
     0 | D:1      | Hugehornet the Gargoyle Fighter began the quest for the
                  | Orb.
     0 | D:1      | Reached XP level 1. HP: 14/14 MP: 1/1
    50 | D:1      | Found a faded altar of an unknown god.
   154 | D:1      | Reached XP level 2. HP: 7/19 MP: 2/2
   978 | D:1      | Reached XP level 3. HP: 23/23 MP: 3/3
  1257 | D:2      | Reached skill level 4 in Armour
  1822 | D:2      | Reached XP level 4. HP: 26/28 MP: 4/4
  2281 | D:3      | Noticed Terence
  2291 | D:3      | Killed Terence
  2527 | D:3      | Noticed a necrophage
  2547 | D:3      | Reached XP level 5. HP: 29/32 MP: 5/5
  2566 | D:3      | Reached skill level 5 in Armour
  3348 | D:4      | Reached XP level 6. HP: 35/37 MP: 6/6
  3656 | D:4      | Found a snail-covered altar of Cheibriados.
  3656 | D:4      | Found a sacrificial altar of Ru.
  3664 | D:4      | Found a radiant altar of Vehumet.
  3665 | D:4      | Noticed Robin
  3667 | D:4      | Found a glowing silver altar of Zin.
  3691 | D:4      | Killed Robin
  3695 | D:4      | Found an iron altar of Okawaru.
  3835 | D:4      | Became a worshipper of Warmaster Okawaru
  3998 | D:4      | Found an opulent altar of Gozag.
  4073 | D:5      | Entered Level 5 of the Dungeon
  4127 | D:5      | Found a staircase to the Ecumenical Temple.
  4264 | D:5      | Reached skill level 6 in Armour
  4264 | D:5      | Reached XP level 7. HP: 33/41 MP: 7/7
  4349 | D:5      | Reached skill level 1 in Invocations
  4644 | D:5      | Reached * piety under Okawaru
  4651 | D:5      | Reached skill level 5 in Shields
  4962 | D:5      | Reached skill level 5 in Axes
  5118 | D:5      | Found a bloodstained altar of Trog.
  5296 | D:6      | Reached XP level 8. HP: 31/46 MP: 7/9
  5297 | D:6      | Reached skill level 7 in Armour
  5867 | D:6      | Reached ** piety under Okawaru
  5980 | D:6      | Reached skill level 8 in Armour
  6169 | D:6      | Identified the +3 scale mail of Ethics {rPois Str+4}
  6224 | D:6      | Reached XP level 9. HP: 27/51 MP: 10/12
  6818 | D:7      | Reached skill level 9 in Armour
  7023 | D:7      | Found a large runed translucent door.
  7025 | D:7      | Found a large runed translucent door.
  7051 | D:7      | Learned a level 2 spell: Blink
  7366 | D:7      | Reached skill level 1 in Translocations
  7582 | D:7      | Found a stormy altar of Qazlal.
  7601 | D:7      | Reached skill level 1 in Spellcasting
  7607 | D:7      | Found a hide-covered altar of Uskayaw.
  7647 | D:8      | Noticed a two-headed ogre
  7653 | D:8      | Killed a two-headed ogre
  7653 | D:8      | Reached *** piety under Okawaru
  7654 | D:8      | Reached skill level 5 in Invocations
  7711 | D:8      | Reached XP level 10. HP: 56/56 MP: 11/13
  7845 | D:8      | Noticed Maggie
  7878 | D:8      | Killed Maggie
  7909 | D:8      | Reached skill level 10 in Armour
  7955 | D:8      | Noticed a kobold demonologist
  7960 | D:8      | Noticed a smoke demon
  7981 | D:8      | Killed a kobold demonologist
  8257 | D:8      | Found an ancient bone altar of Kikubaaqudgha.
  8911 | D:8      | Reached **** piety under Okawaru
  9546 | D:9      | Found a shimmering blue altar of Sif Muna.
  9575 | D:9      | Got Sif Muna's Meditations on Curses
  9636 | D:9      | Found a staircase to the Lair.
  9636 | D:9      | Noticed a kobold demonologist
  9636 | D:9      | Noticed a kobold demonologist
  9646 | D:9      | Noticed a rust devil
  9652 | D:9      | Noticed a rust devil
  9653 | D:9      | Killed a kobold demonologist
  9654 | D:9      | Killed a kobold demonologist
  9660 | D:9      | Reached XP level 11. HP: 56/60 MP: 15/15
  9943 | D:9      | Noticed a two-headed ogre
  9954 | D:9      | Killed a two-headed ogre
  9955 | D:9      | Reached skill level 11 in Armour
  9955 | D:9      | Reached skill level 5 in Translocations
 10020 | D:9      | Noticed a two-headed ogre
 10039 | D:9      | Killed a two-headed ogre
 10039 | D:9      | Reached ***** piety under Okawaru
 10232 | D:10     | Entered Level 10 of the Dungeon
 10234 | D:10     | Noticed a two-headed ogre
 10589 | D:10     | Killed a two-headed ogre
 10589 | D:10     | Identified the +5 falchion "Mein" {pain, *Slow Str+3 Dex+7}
                  | (Okawaru gifted it to you on level 10 of the Dungeon)
 10589 | D:10     | Received a gift from Okawaru
 10796 | D:10     | Noticed a two-headed ogre
 10796 | D:10     | Noticed a two-headed ogre
 10815 | D:10     | Killed a two-headed ogre
 10823 | D:10     | Killed a two-headed ogre
 11185 | D:10     | Noticed a wizard
 11204 | D:10     | Killed a wizard
 11216 | D:10     | Noticed a deep elf zephyrmancer
 11240 | D:10     | Killed a deep elf zephyrmancer
 11315 | D:10     | Noticed a wizard
 11328 | Abyss:2  | Cast into level 2 of the Abyss (a wizard)
 11377 | Abyss:2  | Found a corrupted altar of Lugonu.
 11410 | Abyss:2  | HP: 2/60 [raiju/living lightning (4)]
 11411 | Abyss:2  | Slain by an ancient zyme

Illustrated notes

Levels and vault maps discovered:
D:1:      dpeg_arrival_ratfight, layout_basic,
          dreamdust_ecumenical_altar_hidden_monk_grotto
D:2:      layout_basic, hangedman_decor_slide_cut, grunt_decor_one_mirror
D:3:      layout_basic, minmay_bisected, uniq_terence
D:4:      layout_rooms, lemuel_doored_altar,
          chequers_temple_overflow_minitemple, uniq_robin
D:5:      layout_basic, trog_hazing_becter, minmay_temple_entry_junction,
          kennysheep_path_1, dreamdust_gnoll_farm
D:6:      layout_cave_pools
D:7:      layout_loops_cross, jmf_multi_god_temple2, dk_vineyard_3
D:8:      wander_kiku_kobolds, layout_loops_cross,
          minmay_fractal_squares_diagonal_5, uniq_maggie
D:9:      layout_roguey, led_sif_book, lair_entry_dummy, kennysheep_potato
D:10:     layout_loops_ring, nzn_wu_jian_contemplation,
          bh_hangedman_babel_library
Abyss:2:  base:
D:1

Skill      XL: |  1  2  3  4  5  6  7  8  9 10 11 |
---------------+----------------------------------+-----
Axes           | 2 3 4 5 6 7 8 9 |  9.7
Armour         | 4 5 6 8 9 10 11 | 11.8
Shields        | 4 5 |  5.0
Invocations    | 2 4 5 6 7 |  7.0
Translocations | 2 4 6 |  6.0
Spellcasting   | 1 3 4 |  4.2
Fighting       | |  3.2

Action                   |  1- 3 |  4- 6 |  7- 9 | 10-12 || total
-------------------------+-------+-------+-------+-------++-------
Melee: War axe           |    99 |   208 |   275 |   398 ||   980
       Trident           |       |       |       |     9 ||     9
 Cast: Blink             |       |       |       |     2 ||     2
Invok: Heroism           |       |       |     3 |    13 ||    16
  Use: Potion            |       |     1 |     2 |     8 ||    11
       Scroll            |       |       |       |     6 ||     6
Armor: Scale mail        |    47 |    46 |       |   119 ||   212
       Ring mail         |       |    90 |    32 |       ||   122
       Chain mail        |       |       |   188 |   187 ||   375
Dodge: Dodged            |    44 |   131 |   143 |   142 ||   460
Block: Buckler           |    14 |    56 |    70 |    86 ||   226
